Map: New Repugnancy LE

Players

Deadliftkg

  • Race: Terran Terran
  • Spawn Location: 1:00

TiPtOP - Winner!

  • Race: Terran Terran
  • League: Silver
  • Spawn Location: 7:00

VOD

Have the link to the VOD?

Description

Time

  • Played on: Aug. 18, 2019, 7:55 p.m.
  • Length: 14:45
Show
View Real Time Build Order
Export as new Build Order

Deadliftkg Terran 

Build Orders:  

Get SALT Encoding   

  12  0:01  SCV  
  13  0:15  Supply Depot  
  13  0:27  SCV  
  14  0:39  SCV, Supply Depot  
  15  0:50  Refinery  
  15  0:51  SCV  
  16  1:04  SCV, Barracks  
  17  1:16  SCV  
  18  1:28  SCV  
  19  1:40  SCV  
  20  1:49  Refinery  
  20  1:52  SCV  
  21  1:58  Factory  
  21  2:09  Marine  
  21  2:27  Marine  
  22  2:39  Command Center  
  22  2:44  Marine  
  22  2:48  Hellion  
  25  2:59  SCV  
  25  3:03  Barracks Reactor  
  26  3:09  Hellion  
  26  3:11  SCV  
  29  3:23  SCV  
  29  3:26  Supply Depot  
  30  3:35  SCV  
  30  3:37  Supply Depot, Factory Tech Lab  
  31  3:48  SCV, Marine x2  
  34  3:51  Supply Depot  
  34  3:57  SCV  
  35  4:05  Marine x2  
  35  4:09  SCV  
  38  4:11  Orbital Command  
  38  4:18  Supply Depot  
  38  4:21  SCV  
  38  4:23  Marine  
  40  4:27  Bunker  
  40  4:33  SCV  
  40  4:34  Engineering Bay  
  41  4:39  Siege Tank  
  44  4:53  Marine x2  
  46  5:04  SCV  
  47  5:11  Siege Tank, Marine x2  
  52  5:16  SCV  
  53  5:21  SCV  
  55  5:28  SCV, Marine  
  55  5:29  Refinery, Marine  
  55  5:33  SCV  
  58  5:38  Missile Turret  
  58  5:46  SCV  
  58  5:48  Missile Turret  
  58  5:49  Terran Infantry Weapons Level 1  
  59  5:52  Siege Tank  
  59  5:56  Marine x2  
  64  6:14  Marine x2  
  66  6:23  Orbital Command  
  66  6:24  Siege Tank  
  69  6:32  Marine x2  
  71  6:42  Barracks  
  71  6:43  Supply Depot  
  71  6:44  Supply Depot  
  71  6:56  Siege Tank  
  74  7:09  Command Center  
  74  7:23  Starport  
  74  7:28  Siege Tank  
  77  7:40  Barracks Tech Lab  
  77  7:43  Terran Infantry Armor Level 1  
  77  7:59  Bunker  
  77  8:00  Siege Tank  
  77  8:03  Marauder  
  82  8:10  Supply Depot  
  82  8:13  Supply Depot  
  82  8:18  SCV  
  83  8:24  SCV  
  83  8:25  Marauder  
  86  8:30  SCV  
  86  8:32  Siege Tank  
  90  8:37  SCV  
  91  8:41  Marine x2  
  91  8:42  SCV  
  91  8:46  Marauder  
  96  8:49  SCV  
  96  8:54  SCV  
  98  8:57  Supply Depot  
  98  8:59  Marine x2  
  98  9:01  SCV  
  101  9:04  Siege Tank  
  101  9:06  SCV  
  101  9:07  Viking, Marauder  
  101  9:08  Sensor Tower  
  109  9:13  SCV  
  110  9:17  Refinery, Marine x2  
  112  9:29  Marauder  
  114  9:35  Marine x2  
  114  9:36  Siege Tank  
  114  9:37  Viking, Neosteel Armor  
  121  9:50  Marauder  
  123  9:55  SCV  
  123  9:58  Refinery  
  124  10:07  SCV  
  124  10:09  Siege Tank  
  124  10:11  Marine x2, Marauder  
  130  10:29  Marine x2  
  130  10:33  Marauder  
  119  10:41  Siege Tank  
  80  10:47  Marine x2  
  78  10:54  Marauder  
  80  11:05  Factory, Marine x2  
  80  11:06  Planetary Fortress  
  80  11:10  SCV  
  80  11:16  Marauder  
  80  11:17  Hi-Sec Auto Tracking  
  79  11:22  SCV  
  68  11:39  Marine x2  
  61  11:42  Siege Tank  
  60  11:57  Marine x2  
  56  12:14  Siege Tank  
  56  12:15  Marine x2, Factory Tech Lab  
  53  12:18  SCV  
  37  12:30  SCV  
  37  12:33  Marine x2  
  39  12:42  Bunker  
  39  12:46  Siege Tank  
  39  12:50  Marine  
  41  13:12  Marine x2  
  42  13:18  Siege Tank  
  39  13:23  Bunker  
  31  13:30  Marine x2  
  33  13:48  Marine x2  
  34  13:50  Siege Tank  
  37  14:06  Marine  
  31  14:13  Marine  
  30  14:23  Marine  
Show
View Real Time Build Order
Export as new Build Order

TiPtOP Terran - Winner!

Build Orders: Mech 

Get SALT Encoding   

  12  0:01  SCV  
  13  0:13  SCV  
  14  0:20  Supply Depot  
  14  0:25  SCV  
  15  0:42  SCV  
  16  0:46  Barracks  
  16  0:50  Refinery  
  16  0:54  SCV  
  17  1:09  SCV  
  18  1:28  SCV  
  19  1:37  Command Center  
  19  1:44  Orbital Command  
  19  1:48  Marine  
  20  1:58  Factory  
  20  2:10  Barracks Tech Lab  
  20  2:32  SCV  
  21  2:44  SCV  
  22  2:54  Orbital Command  
  22  2:57  Supply Depot  
  21  2:59  SCV  
  22  3:06  Siege Tank  
  22  3:12  SCV  
  26  3:14  Refinery  
  26  3:22  SCV  
  26  3:24  SCV  
  28  3:34  SCV  
  28  3:38  Siege Tank  
  32  4:05  Factory  
  32  4:22  Siege Tank  
  35  4:25  Refinery, SCV  
  35  4:26  SCV  
  37  4:37  SCV  
  38  4:38  SCV  
  38  4:39  Engineering Bay  
  38  4:44  Armory  
  39  4:49  SCV  
  39  4:50  SCV  
  39  4:51  Factory Reactor  
  41  5:04  SCV  
  42  5:09  SCV  
  43  5:17  SCV  
  44  5:21  SCV, Supply Depot  
  45  5:29  SCV  
  46  5:42  Supply Depot  
  46  5:43  SCV x2  
  46  5:44  Supply Depot  
  48  5:52  Terran Vehicle Weapons Level 1  
  48  5:54  Thor  
  54  6:03  Missile Turret, SCV  
  55  6:05  Missile Turret  
  55  6:12  SCV  
  57  6:18  SCV  
  57  6:24  SCV  
  58  6:28  Missile Turret  
  58  6:30  SCV  
  58  6:31  Refinery  
  59  6:36  SCV  
  60  6:43  SCV  
  61  6:47  Thor  
  61  6:48  Hellion  
  69  6:55  Supply Depot  
  69  7:01  SCV  
  70  7:03  Command Center, Supply Depot  
  70  7:17  SCV x2, Hellbat, Supply Depot  
  74  7:29  SCV x2  
  76  7:32  Siege Tank  
  79  7:40  Supply Depot  
  79  7:46  SCV x2  
  79  7:48  Factory  
  79  7:50  Terran Vehicle And Ship Armor Level 1  
  81  7:58  SCV  
  81  7:59  Missile Turret, SCV  
  81  8:02  Supply Depot  
  83  8:10  SCV  
  84  8:13  Thor  
  84  8:14  Hellbat x2  
  94  8:21  SCV  
  94  8:23  SCV  
  96  8:28  Supply Depot  
  96  8:31  Command Center  
  96  8:33  SCV  
  97  8:35  Factory Tech Lab  
  97  8:56  Thor  
  97  8:59  Orbital Command  
  97  9:00  Thor  
  97  9:01  Hellion, Hellbat  
  113  9:22  Hellion  
  113  9:23  Hellion  
  117  9:32  Missile Turret  
  117  9:39  Thor  
  117  9:43  Thor  
  117  9:44  Hellion, Hellbat  
  133  9:46  Refinery, Orbital Command  
  133  9:49  Refinery  
  133  9:52  Supply Depot  
  133  10:05  Hellion x2, Supply Depot  
  133  10:06  Supply Depot  
  137  10:09  Supply Depot  
  137  10:18  Supply Depot  
  137  10:22  Thor  
  137  10:26  Thor  
  137  10:27  Hellion  
  149  10:29  Hellion x5  
  140  10:57  Hellion x2  
  140  11:05  Thor  
  140  11:08  Thor  
  150  11:18  Hellion  
  138  11:38  Hellion  
  142  11:40  Hellion  
  142  11:47  Thor  
  142  11:51  Thor  
  154  11:59  Hellion  
  158  12:01  Hellion  
  158  12:20  Hellion  
  158  12:22  Hellion, Orbital Command  
  162  12:29  Refinery  
  162  12:30  Thor, Refinery  
  162  12:34  Hellion x12, Thor  
  174  12:42  Hellbat  
  174  12:44  Hellbat  
  178  13:04  Infernal Pre-Igniter  
  172  13:13  Thor  
  178  13:29  Supply Depot  
  178  13:32  Supply Depot  
  178  13:35  SCV  
  178  13:36  SCV  
  180  13:48  SCV  
  181  13:50  Thor, SCV  
  186  13:56  Thor  
  186  13:57  Supply Depot  
  186  13:59  Supply Depot  
  186  14:00  SCV  
  186  14:02  SCV  
Tags
 
Composition
Mech
League
Silver
Matchup
TvT
Race
Terran
Spawn Locations
Cross Positions
Add a new tag
Caveats
  • Supply blocks, unpowered buildings, or Contaminate may cause inaccurate times.
  • Supply counts are checked every 10 seconds.